 Dungeon Crawl Stone Soup version 0.17.2-1-ge4368a0 (webtiles) character file.

40 ololoev the Skirmisher (level 3, 0/29 HPs)
             Began as a Demonspawn Fighter on Oct 27, 2016.
             Succumbed to an adder's poison
             ... on level 3 of the Dungeon.
             The game lasted 00:01:24 (87 turns).

ololoev the Skirmisher (Demonspawn Fighter)           Turns: 87, Time: 00:01:24

Health: 0/29       AC:  8    Str: 17    XL:     3   Next: 30%
Magic:  3/3        EV:  6    Int:  9    God:
Gold:   9          SH: 10    Dex: 12    Spells: 0 memorised, 2 levels left

rFire  x . .     SeeInvis .     a - +0 war axe
rCold  + . .     Clarity  .     b - +0 scale mail
rNeg   . . .     SustAt   .     c - +0 shield
rPois  .         Gourm    .     (no helmet)
rElec  .         Spirit   .     (no cloak)
rCorr  .         Warding  .     (no gloves)
rMut   .         Stasis   .     (no boots)
MR     .....                    (no amulet)
Stlth  ..........               (no ring)
                                f - ring of ice

@: lethally poisoned (0 -> -1), not resistant to hostile enchantments, extremely
unstealthy
A: hooves 1, large bone plates 1
a: no special abilities


Innate Abilities, Weirdness & Mutations

You have large cloven feet.
You are partially covered in large bone plates (AC +2, SH +2).

Inventory:

Hand Weapons
 a - a +0 war axe (weapon)
Armour
 b - a +0 scale mail (worn)
 c - a +0 shield (worn)
Jewellery
 f - a ring of ice (left hand)
Comestibles
 d - a beef jerky
 e - a bread ration


   Skills:
 + Level 3.4 Fighting
 * Level 2.6 Axes
 + Level 3.1 Armour
 - Level 2.6 Shields


You had 2 spell levels left.
You didn't know any spells.


You were on level 3 of the Dungeon.
You were not hungry.

You visited 1 branch of the dungeon, and saw 3 of its levels.

You collected 9 gold pieces.

.............?.
.?.............
..!............
...............
...............
...........!...
.......††......
#......@)......
#.....†.†.....#
#....=......###
##....#.....#
.....$#...###
#######....
...#.# .#.#.#

Notes
Turn   | Place    | Note
--------------------------------------------------------------
     0 | D:1      | ololoev the Demonspawn Fighter began the quest for the Orb.
     0 | D:1      | Reached XP level 1. HP: 18/18 MP: 1/1
    11 | D:1      | Gained mutation: You have large cloven feet. [demonic ancestry]
    11 | D:1      | Reached XP level 2. HP: 17/24 MP: 2/2
    86 | D:3      | Gained mutation: You are partially covered in large bone plates (AC +2, SH +2). [demonic ancestry]
    86 | D:3      | Reached XP level 3. HP: 2/29 MP: 3/3
    86 | D:3      | HP: 1/29 [orc/hand axe (1)]
    87 | D:3      | Succumbed to an adder's poison

Dungeon Overview and Level Annotations

Branches:
Dungeon (3/15)

Altars:


Message History

You kill the orc!
You feel sick. The adder bites you. The orc hits you.
You block the jackal's attack. You block the orc's attack.
The orc hits you but does no damage. The adder closely misses you.
The orc hits you. You block the orc's attack. The jackal barely misses you.
Unknown command.
You closely miss the adder. You barely miss the orc.
Your shield and scale mail prevent you from hitting the orc.
You hit the orc.
The orc is severely wounded.
You hit the jackal.
You kill the jackal!
The adder barely misses you. The orc barely misses you.
You block the orc's attack. x2
The adder bites you but does no damage.
Unknown command.
Unknown command.
Unknown command.
Unknown command.
You slash the adder!
You kill the adder!
Your Armour skill increases to level 3!
You have reached level 3!
Your experience leads to an increase in your attributes!
Increase (S)trength, (I)ntelligence, or (D)exterity?
You feel stronger.
Your demonic ancestry asserts itself...
Large bone plates grow over parts of your arms.
You slash the orc!
The orc is almost dead.
You hit the orc.
You kill the orc!
You closely miss the orc.
The orc is severely wounded.
The orc hits you but does no damage. The orc hits you with a hand axe.
You block the orc's attack.
You slash the orc!
You kill the orc!
You slash the orc!
You kill the orc!
You die...

There were no monsters in sight!

Vanquished Creatures
  2 adders
  A gnoll (D:1)
  4 orcs (D:3)
  A jackal (D:3)
  A goblin (D:1)
9 creatures vanquished.

Action                   || total
-------------------------++-------
Melee: War axe           ||    17
  Use: Potion            ||     1

Vault maps used:
D:1:      saegor_arrival_simple_e, st_stairs_1
D:2:      old_standard_altar, nicolae_ru_the_path_less_chosen
